 Dungeon Crawl Stone Soup version 0.23.0-3-gf3c87f2 (webtiles) character file.

Game seed: 12946428951228957873

401 dvd the Skirmisher (level 6, -2/39 HPs)
             Began as a Gargoyle Monk on Feb 23, 2019.
             Was a Believer of Qazlal.
             Slain by an ogre
             ... wielding a cursed -3 giant club
              (17 damage)
             ... on level 5 of the Dungeon.
             The game lasted 00:06:59 (4410 turns).

dvd the Skirmisher (Gargoyle Monk)                  Turns: 4410, Time: 00:07:00

Health: -2/39      AC:  9    Str: 16    XL:     6   Next: 85%
Magic:  6/6        EV: 12    Int: 10    God:    Qazlal [**....]
Gold:   296        SH:  2    Dex: 13    Spells: 5/5 levels left

rFire    . . .     SeeInvis .   p - +0 long sword
rCold    . . .     Gourm    .   (no shield)
rNeg     + . .     Faith    .   s - +0 ring mail (curse)
rPois    ∞         Spirit   .   (no helmet)
rElec    +         Reflect  .   (no cloak)
rCorr    .         Harm     .   (no gloves)
MR       .....                  (no boots)
Stlth    +.........             (no amulet)
HPRegen  0.13/turn              (no ring)
MPRegen  0.10/turn              (no ring)

@: no status effects
A: negative energy resistance 1, electricity resistance, unbreathing,
petrification resistance, rot immunity, AC +4
a: Upheaval, Renounce Religion


You were on level 5 of the Dungeon.
You worshipped Qazlal.
Qazlal was pleased with you.
You were not hungry.

You visited 2 branches of the dungeon, and saw 6 of its levels.

You collected 296 gold pieces.

Inventory:

Hand Weapons
 a - a +0 hand axe
 h - a +2 dagger of holy wrath
 p - a +0 long sword (weapon)
Armour
 b - a +0 robe
 s - a cursed +0 ring mail (worn)
 y - a +0 chain mail
Wands
 r - a wand of iceblast (8)
Scrolls
 d - 3 scrolls of enchant weapon {unknown}
 f - 6 scrolls of identify {unknown}
 g - 3 scrolls of blinking {unknown}
 i - a scroll of fear {unknown}
 m - a scroll of magic mapping {unknown}
 n - 3 scrolls of enchant armour {unknown}
 t - a scroll of teleportation {unknown}
 v - a scroll of amnesia {unknown}
 x - 3 scrolls of remove curse {unknown}
 B - a scroll of random uselessness {unknown}
Potions
 e - a potion of might {unknown}
 j - a potion of cancellation {unknown}
 k - a potion of heal wounds {unknown}
 l - a potion of brilliance {unknown}
 o - a potion of lignification {unknown}
 q - 2 potions of curing {unknown}
 u - a potion of berserk rage {unknown}
 w - a potion of flight {unknown}
 z - 2 potions of resistance {unknown}
Comestibles
 c - 8 rations
 A - 2 chunks of flesh


   Skills:
 + Level 4.3 Fighting
 + Level 0.3(2.1) Short Blades
 + Level 3.3(3.4) Long Blades
 + Level 3.3 Axes
 + Level 2.6 Armour
 + Level 3.2 Dodging
 + Level 3.0 Stealth
 + Level 0.2 Invocations


You had 5 spell levels left.
You didn't know any spells.
Your spell library was empty.

Dungeon Overview and Level Annotations

Branches:
Dungeon (5/15)             Temple (1/1) D:4

Altars:
Ashenzari
Cheibriados
Dithmenos
Elyvilon
Gozag
Hepliaklqana
Makhleb
Qazlal
Sif Muna
Trog
Vehumet
Wu Jian
Xom
Yredelemnul
Zin


Innate Abilities, Weirdness & Mutations

You are resistant to torment.
Your stone body is resilient. (AC +4)
You are immune to poison.
You resist negative energy. (rN+)
You are resistant to electric shocks. (rElec)
You can survive without breathing.
You are immune to petrification.
You are immune to rotting.


Message History

The ogre barely misses you.
You hit the ogre.
The ogre is heavily wounded.
The ogre hits you with a cursed -3 giant club.
You hit the ogre.
The ogre is heavily wounded.
You hit the ogre.
The ogre is severely wounded.
The ogre misses you.
You hit the ogre.
The ogre is almost dead.
The ogre hits you with a cursed -3 giant club!!
Ouch! That really hurt!
You hit the ogre but do no damage.
The ogre is almost dead.
The ogre misses you.
You barely miss the ogre.
The ogre is almost dead.
The ogre hits you with a cursed -3 giant club!
You die...

............#
#######.##..#########
#.##..........#
#.##.......##.
#...........#
##.#####.#..#
#.#####.#..#
#.......#§.#
#..##....@.# #.####O#
#. .# .. .# ##. ## #.
..


You could see an ogre.

Vanquished Creatures
  A phantom (D:4)
  An ogre (D:4)
  A howler monkey (D:5)
  A bullfrog skeleton (D:5)
  A hound (D:5)
  An orc wizard (D:4)
  2 adders
  2 oozes
  A worm (D:3)
  A dart slug (D:1)
  5 leopard geckos
  8 orcs
  3 giant cockroaches
  8 goblins
  11 hobgoblins
  4 jackals (D:4)
  2 bats (D:2)
  5 frilled lizards
  6 kobolds
  A leopard gecko skeleton (D:4)
  A quokka skeleton (D:4)
  8 rats
74 creatures vanquished.

Notes
Turn   | Place    | Note
-------+----------+-------------------------------------------
     0 | D:1      | dvd the Gargoyle Monk began the quest for the Orb.
     0 | D:1      | Reached XP level 1. HP: 14/14 MP: 1/1
   391 | D:1      | Reached XP level 2. HP: 19/19 MP: 2/2
  1279 | D:1      | Reached XP level 3. HP: 24/24 MP: 3/3
  1727 | D:2      | Found an ornate altar of the Wu Jian Council.
  2176 | D:3      | Reached skill level 4 in Fighting
  2176 | D:3      | Reached XP level 4. HP: 24/29 MP: 4/4
  2802 | D:3      | Reached skill level 1 in Long Blades
  3018 | D:4      | Found a staircase to the Ecumenical Temple.
  3027 | Temple   | Entered the Ecumenical Temple
  3245 | Temple   | Became a worshipper of Qazlal Stormbringer
  3245 | Temple   | Reached * piety under Qazlal
  3245 | Temple   | Reached ** piety under Qazlal
  3296 | D:4      | Noticed an ogre
  3575 | D:4      | Noticed an ogre
  3578 | D:4      | Noticed a phantom
  3584 | D:4      | Killed an ogre
  3584 | D:4      | Reached skill level 1 in Armour
  3584 | D:4      | Reached XP level 5. HP: 33/33 MP: 0/5
  3628 | D:4      | Killed a phantom
  3628 | D:4      | Reached XP level 6. HP: 29/39 MP: 4/6
  4271 | D:5      | Entered Level 5 of the Dungeon
  4382 | D:5      | Found a deep blue altar of Sif Muna.
  4410 | D:5      | Slain by an ogre

Skill      XL: |  1  2  3  4  5  6 |
---------------+-------------------+-----
Axes           | 3 |  3.3
Fighting       | 4 |  4.3
Long Blades    | 2 3 |  3.3
Armour         | 1 2 |  2.6
Dodging        | 3 |  3.2
Stealth        | 3 |  3.0
Short Blades   | |  0.3
Invocations    | |  0.2

Action                   |  1- 3 |  4- 6 || total
-------------------------+-------+-------++-------
Melee: Hand axe          |    73 |    18 ||    91
       Long sword        |    37 |   101 ||   138
       Dagger            |       |    11 ||    11
Invok: Upheaval          |       |     1 ||     1
 Stab: Sleeping          |     4 |     1 ||     5
  Eat: Chunk             |     4 |     7 ||    11
Armor: Robe              |    13 |       ||    13
       Ring mail         |    16 |    51 ||    67
Dodge: Dodged            |    78 |    79 ||   157
Block: Other             |       |     7 ||     7
       Rpst.: Long sword |    14 |    18 ||    32
